 Dungeon Crawl Stone Soup version 0.28.0 (webtiles) character file.

Game seed: 828613210893032660

456 mkm the Firebug (level 7, -4/36 HPs)
             Began as a Gargoyle Fire Elementalist on Feb 12, 2022.
             Slain by an orc warrior (15 damage)
             ... on level 4 of the Dungeon.
             The game lasted 00:07:58 (3489 turns).

mkm the Firebug (Gargoyle Fire Elementalist)        Turns: 3489, Time: 00:07:58

Health: -4/36      AC:  6    Str: 12    XL:     7   Next: 6%
Magic:  6/13       EV: 11    Int: 17    God:
Gold:   172        SH:  0    Dex: 10    Spells: 11/14 levels left

rFire   . . .      SeeInvis .   o - +1 dagger (drain)
rCold   . . .      Faith    .   (no shield)
rNeg    + . .      Spirit   .   a - +0 robe
rPois   ∞          Reflect  .   (no helmet)
rElec   +          Harm     .   (no cloak)
rCorr   .          Rampage  .   (no gloves)
Will    .....                   (no boots)
Stlth   ++........              m - amulet of magic regeneration
HPRegen 0.12/turn               (no ring)
MPRegen 0.53/turn               (no ring)

@: no status effects
A: sickness immunity, AC +4, negative energy resistance 1, electricity
resistance, torment resistance 1, petrification resistance
a: no special abilities


You were on level 4 of the Dungeon.
You visited 1 branch of the dungeon, and saw 4 of its levels.

You collected 172 gold pieces.

Inventory:

Hand Weapons
 b - a +0 club
 o - a +1 dagger of draining (weapon)
Armour
 a - a +0 robe (worn)
Jewellery
 m - an amulet of magic regeneration (around neck)
Scrolls
 c - a scroll of noise {unknown}
 e - a scroll of vulnerability {unknown}
 f - a scroll of brand weapon {unknown}
 g - 2 scrolls of enchant weapon {unknown}
 h - a scroll of enchant armour {unknown}
 l - a scroll of holy word {unknown}
 p - a scroll of magic mapping {unknown}
Potions
 d - 2 potions of curing
 i - a potion of flight {unknown}
 j - 2 potions of heal wounds
 k - a potion of magic
 n - a potion of cancellation {unknown}
 q - a potion of resistance {unknown}
 r - a potion of degeneration {unknown}


   Skills:
 - Level 1.5 Dodging
 - Level 2.1 Stealth
 + Level 4.0 Spellcasting
 + Level 4.7 Conjurations
 + Level 5.0 Fire Magic


You had 11 spell levels left.
You knew the following spells:

 Your Spells              Type           Power      Damage    Failure   Level
a - Foxfire               Conj/Fire      80%        2x1d8     2%          1
b - Scorch                Fire           40%        2d7       3%          2

Your spell library contained the following spells:

 Spells                   Type           Power      Damage    Failure   Level
 Conjure Flame            Conj/Fire      20%        6-21      6%          3
 Animate Skeleton         Necr           6%         N/A       16%         1
 Pain                     Necr           12%        1d4       16%         1
 Sting                    Tmut/Pois      12%        1d3       16%         1
 Inner Flame              Hex/Fire       11%        N/A       17%         3
 Flame Wave               Conj/Fire      20%        2d7       22%         4
 Poisonous Vapours        Pois/Air       6%         N/A       24%         2
 Vampiric Draining        Necr           3%         2d6       43%         3
 Animate Armour           Summ/Erth      6%         N/A       83%         4
 Olgreb's Toxic Radiance  Pois           3%         N/A       83%         4
 Lehudib's Crystal Spear  Conj/Erth      5%         10d3      100%        8
 Statue Form              Tmut/Erth      Unusable   N/A       N/A         6

Dungeon Overview and Level Annotations

Branches:
Dungeon (4/15)
 Temple: D:4-7

Altars:


Innate Abilities, Weirdness & Mutations

You are immune to sickness and miasma.
Your stone body is resilient. (AC +4)
You are immune to poison.
You resist negative energy. (rN+)
You are resistant to electric shocks. (rElec)
You are resistant to unholy torment.
You are immune to petrification.


Message History

The orc warrior is lightly wounded.
The foxfire hits the orc warrior but does no damage.
The orc warrior is lightly wounded.
The orc warrior hits you but does no damage.
You conjure some foxfire!
The foxfire hits the orc warrior but does no damage.
The orc warrior is lightly wounded.
The foxfire hits the orc warrior.
The orc warrior is moderately wounded.
The orc warrior barely misses you.
You conjure some foxfire!
The foxfire hits the orc but does no damage.
The foxfire hits the orc warrior but does no damage.
The orc warrior is moderately wounded.
The orc warrior hits you from afar with a +0 halberd!
The orc closely misses you.
Casting: Foxfire (safe; 2% risk of failure)
Confirm with . or Enter, or press ? or * to list all spells.
Flames lash the orc.
You kill the orc!
The foxfire hits the orc.
The orc is lightly wounded.
The foxfire hits the orc warrior but does no damage.
The orc warrior is moderately wounded.
The orc warrior barely misses you. The orc hits you with a +0 dagger.
Your Fire Magic skill increases to level 5!
Casting: Scorch (safe; 3% risk of failure)
Confirm with . or Enter, or press ? or * to list all spells.
Flames lash the kobold.
You kill the kobold!
The orc warrior hits you from afar with a +0 halberd!
The orc barely misses you.
Okay, then.
Casting: Scorch (safe; 3% risk of failure)
Confirm with . or Enter, or press ? or * to list all spells.
Flames lash the orc.
The orc is heavily wounded.
The orc's fire resistance burns away.
The orc warrior hits you from afar with a +0 halberd!
You die...

#...# #.# #...# #.#
### #...# #.# #..
#...# #.# #.#
#...####.###########.#
#.>...................
#........##.###......#
#........##.# #......+
#>..(@...##.# #......#
#...o)...##.# #......#
#...)o...##.# ##.#####
#....o...##.# #+# #
#........##.( #
##.#.....# # #.#.#####
# #.#.# # #.#.# #


You could see an orc warrior and 2 orcs.

Vanquished Creatures
  A water moccasin (D:3)
  An ogre (D:4)
  A phantom (D:3)
  A scorpion (D:3)
  An iguana (D:4)
  3 adders (D:4)
  2 worms (D:2)
  2 dart slugs
  4 orcs
  2 ball pythons
  7 endoplasms
  4 giant cockroaches
  5 goblins
  9 hobgoblins
  5 jackals
  13 kobolds
  4 quokkas
  5 bats
  3 frilled lizards
  5 rats
78 creatures vanquished.

Vanquished Creatures (others)
  207 foxfires
207 creatures vanquished.

Grand Total: 285 creatures vanquished

Notes
Turn   | Place    | Note
-------+----------+-------------------------------------------
     0 | D:1      | mkm the Gargoyle Fire Elementalist began the quest for the
                  | Orb.
     0 | D:1      | Reached XP level 1. HP: 10/10 MP: 3/3
    91 | D:1      | Reached XP level 2. HP: 15/15 MP: 1/5
   483 | D:1      | Found a faded altar of an unknown god.
   732 | D:1      | Learned a level 2 spell: Scorch
   844 | D:1      | Reached XP level 3. HP: 19/19 MP: 1/6
  1861 | D:2      | Reached XP level 4. HP: 24/24 MP: 5/7
  2207 | D:3      | Noticed a water moccasin
  2217 | D:3      | Killed a water moccasin
  2218 | D:3      | Reached skill level 4 in Fire Magic
  2218 | D:3      | Reached XP level 5. HP: 12/28 MP: 3/9
  2279 | D:3      | Reached XP level 6. HP: 20/32 MP: 6/11
  2496 | D:3      | Got the Handbook of Clay
  2864 | D:4      | HP: 1/32 [ogre (31)]
  3339 | D:4      | Reached XP level 7. HP: 36/36 MP: 9/13
  3488 | D:4      | Reached skill level 5 in Fire Magic
  3489 | D:4      | Slain by an orc warrior

Illustrated notes

Levels and vault maps discovered:
D:1:      dpeg_arrival_radiant, layout_basic, basic_ecumenical_altar,
          minmay_heptomino_l4
D:2:      minmay_spotlight, layout_rooms
D:3:      layout_rooms, nrook_loot_triangle, chequers_serial_rivers_micro_e,
          minmay_misc_feat_more_columns, chequers_serial_rivers_room_a
D:4:      layout_basic

Skill      XL: |  1  2  3  4  5  6  7 |
---------------+----------------------+-----
Conjurations   | 2 3 4 |  4.7
Spellcasting   | 3 4 |  4.0
Fire Magic     | 4 5 |  5.0
Dodging        | |  1.5
Stealth        | |  2.1

Action                   |  1- 3 |  4- 6 |  7- 9 || total
-------------------------+-------+-------+-------++-------
Melee: Club              |     2 |       |       ||     2
       Dagger            |       |     1 |       ||     1
 Cast: Foxfire           |    62 |    46 |    10 ||   118
       Scorch            |     3 |    13 |     5 ||    21
  Use: Scroll            |       |     3 |       ||     3
Armor: Robe              |     9 |     3 |     1 ||    13
Dodge: Dodged            |    26 |    14 |     4 ||    44
